Mulligans vs Griffins
Created - December 6, 2019 at 19:00
Goals
|
| Mulligans |
1 |
1 |
1 |
3 |
| Griffins |
3 |
3 |
1 |
7 |
|
Shots
|
| Mulligans |
13 |
6 |
13 |
32 |
| Griffins |
13 |
18 |
11 |
42 |
|
1st period
1. Griffins , Brendan Woods 4 (Phil Oreskovic 4) at 3:49
2. Griffins , Marko Dano 9 (Brandon Pirri 6, Tye McGinn 10) at 14:52
3. Mulligans , Cody Goloubef 6 (Logan Shaw 9, Sven Baertschi 4) at 16:30 (PP)
4. Griffins , Brendan Woods 5 (Anton Slepyshev 11, Pavel Buchnevich 8) at 19:54
Penalties :
Mirco Mueller (Cap) for Elbowing (Minor) at 15:54
2nd period
5. Griffins , Dylan Larkin 7 (Pavel Buchnevich 9) at 5:44
6. Griffins , Tye McGinn 17 (Marko Dano 20, Brandon Pirri 7) at 5:56
7. Griffins , Dylan Larkin 8 (Pavel Buchnevich 10, Nathan Gerbe 8) at 16:14
8. Mulligans , Sven Baertschi 8 (Logan Shaw 10, Cody Goloubef 9) at 18:09 (PP)
Penalties :
Mirco Mueller (Cap) for Cross-checking (Minor) at 17:34
3rd period
9. Griffins , Pavel Buchnevich 4 (Dylan Larkin 11) at 19:13
10. Mulligans , Eric Tangradi 18 (Jonathan Ferland 13, Anton Lander 23) at 19:57
Penalties :
Brandon Pirri (Cap) for Holding Stick (Minor) at 3:06
Goalie Stats
Calvin Pickard (Rep), 16 saves from 21 shots - (0.762), L, 11-5-1, 25:56 minutes
Juuse Saros (Rep), 19 saves from 21 shots - (0.905), 34:04 minutes
Olivier Roy (Cap), 29 saves from 32 shots - (0.906), W, 9-1-0, 60:00 minutes
Players Stats for Mulligans
Player Name G A P +/- PIM S H SB GA TA FO MP PP MP PK MP
------------------------------------------------------------------------------------
Anton Lander 0 1 1 0 0 5 0 0 0 0 11/27 21:34 1:37 0:00
Ben Hutton 0 0 0 -1 0 0 2 0 0 0 0/0 18:30 0:54 0:00
Cade Fairchild 0 0 0 -1 0 1 0 2 0 2 0/0 18:13 0:54 0:00
Cody Goloubef 1 1 2 -3 0 4 1 3 0 0 0/0 28:08 2:16 0:00
Dalton Thrower 0 0 0 -2 0 2 1 1 0 0 0/0 13:22 0:00 0:00
Darren Dietz 0 0 0 -2 0 1 0 2 0 1 0/0 13:22 0:00 0:00
Drayson Bowman 0 0 0 -3 0 0 0 0 2 0 0/0 10:58 0:11 0:00
Eric Tangradi 1 0 1 0 0 4 3 2 1 0 1/1 21:34 1:37 0:00
Jonathan Ferland 0 1 1 0 0 4 0 0 0 0 0/0 22:27 1:37 0:00
Joonas Donskoi 0 0 0 0 0 0 0 0 0 0 0/0 2:56 0:00 0:00
Logan Shaw 0 2 2 -3 0 5 3 1 1 0 1/1 22:50 1:22 0:00
Matt Beleskey 0 0 0 -3 0 1 2 0 1 0 0/1 13:40 0:00 0:00
Maxime Macenauer 0 0 0 -3 0 3 0 0 1 0 15/25 13:51 0:11 0:00
Michael Sdao 0 0 0 -3 0 0 0 2 0 1 0/0 23:49 2:16 0:00
Robbie Russo 0 0 0 0 0 0 0 0 0 0 0/0 4:36 0:00 0:00
Robby Fabbri 0 0 0 -3 0 0 1 0 0 0 0/1 10:47 0:00 0:00
Sam Bennett 0 0 0 0 0 0 1 0 0 0 5/11 13:48 1:22 0:00
Sven Baertschi 1 1 2 0 0 2 1 1 1 1 0/1 14:07 1:22 0:00
Valeri Nichushkin 0 0 0 -3 0 0 3 0 1 0 0/0 11:28 0:11 0:00
Players Stats for Griffins
Player Name G A P +/- PIM S H SB GA TA FO MP PP MP PK MP
------------------------------------------------------------------------------------
Anton Slepyshev 0 1 1 2 0 1 2 0 0 0 0/0 17:15 0:00 0:36
Brandon Pirri 0 2 2 2 2 2 1 0 0 0 0/2 20:57 0:00 0:00
Brendan Woods 2 0 2 2 0 6 0 0 0 0 0/0 11:06 0:00 2:09
Danny Kristo 0 0 0 0 0 3 3 0 0 0 1/2 11:37 0:00 0:25
Dylan Larkin 2 1 3 2 0 5 0 1 1 0 6/14 15:43 0:00 0:00
Gord Baldwin 0 0 0 3 0 2 2 1 0 0 0/0 19:18 0:00 1:51
Marcus Pettersson 0 0 0 0 0 0 0 3 0 1 0/0 22:05 0:00 0:00
Marko Dano 1 1 2 2 0 8 0 0 0 0 20/33 20:27 0:00 0:25
Mirco Mueller 0 0 0 3 4 1 1 3 0 0 0/0 18:08 0:00 0:52
Nathan Gerbe 0 1 1 0 0 1 0 0 2 0 2/6 12:44 0:00 0:36
Nicholas Baptiste 0 0 0 2 0 0 0 1 0 0 0/0 8:57 0:00 0:00
Pavel Buchnevich 1 3 4 2 0 5 2 0 0 0 0/0 15:43 0:00 0:00
Petter Granberg 0 0 0 3 0 1 3 0 0 2 0/0 19:00 0:00 0:37
Phil Oreskovic 0 1 1 3 0 0 1 1 0 1 0/0 18:13 0:00 1:51
Rourke Chartier 0 0 0 2 0 0 1 1 0 0 2/4 8:57 0:00 0:00
Simon Despres 0 0 0 0 0 1 2 4 2 2 0/0 23:14 0:00 1:09
Sonny Milano 0 0 0 0 0 1 1 0 0 1 0/0 11:12 0:00 0:00
Tye McGinn 1 1 2 2 0 5 3 0 0 1 4/7 22:11 0:00 2:09
3 Stars
1 - Pavel Buchnevich (Cap)
2 - Dylan Larkin (Cap)
3 - Brendan Woods (Cap)
Power Play
Mulligans - 2 on 3 Attempt(s) - 66.67%
Griffins - 0 on 0 Attempt(s) - 0.00%
Penalty Kill
Mulligans - 0 on 0 Attempt(s) - 0.00%
- Score 0 goal in Penalty Kill
Griffins - 1 on 3 Attempt(s) - 33.33%
- Score 0 goal in Penalty Kill
Team Stat
Mulligans - Hits : 18 - Faceoff Wins : 33 - Blocked Shots : 14 - Penalty Minutes : 0
Griffins - Hits : 22 - Faceoff Wins : 35 - Blocked Shots : 15 - Penalty Minutes : 6
Official
Referees : Unknown
Linesman : Unknown
Game Notes
Joonas Donskoi is injured at 14:40 of 1st period (Sports Hernia)
Juuse Saros enters game at 5:56 of 2nd period
Finance
Level 1 -- Attendance: 1416 (70.80%) -- Ticket Income $49,560
Level 2 -- Attendance: 791 (79.10%) -- Ticket Income $15,820
Total Attendance: 2207 (73.57%)
Total Ticket Income: $65,380
Other Income: $3,269
Total Income: $68,649
Mulligans
5 vs 5 Forward
Center Left Wing Right Wing Time % Phy DF OF
1 Anton Lander Eric Tangradi Jonathan Ferland 40 0 2 3
2 Maxime Macenauer Matt Beleskey Logan Shaw 30 0 2 3
3 Sam Bennett Sven Baertschi Joonas Donskoi 20 0 2 3
4 Robby Fabbri Drayson Bowman Valeri Nichushkin 10 0 2 3
5 vs 5 Defense
Defense Defense Time % Phy DF OF
1 Cody Goloubef Michael Sdao 40 0 3 2
2 Ben Hutton Cade Fairchild 30 0 3 2
3 Darren Dietz Dalton Thrower 20 0 3 2
4 Robbie Russo Cody Goloubef 10 0 3 2
PowerPlay Forward
Center Left Wing Right Wing Time % Phy DF OF
1 Anton Lander Eric Tangradi Jonathan Ferland 60 0 1 4
2 Sam Bennett Sven Baertschi Logan Shaw 40 0 1 4
PowerPlay Defense
Defense Defense Time % Phy DF OF
1 Cody Goloubef Michael Sdao 60 0 2 3
2 Ben Hutton Cade Fairchild 40 0 2 3
Penalty Kill 4 Players Forward
Center Wing Time % Phy DF OF
1 Anton Lander Jonathan Ferland 60 1 3 1
2 Maxime Macenauer Eric Tangradi 40 1 3 1
Penalty Kill 4 Players Defense
Defense Defense Time % Phy DF OF
1 Cody Goloubef Michael Sdao 60 1 4 0
2 Ben Hutton Cade Fairchild 40 1 4 0
Penalty Kill - 3 Players Forward
Forward Time % Phy DF OF
1 Eric Tangradi 60 1 2 2
2 Jonathan Ferland 40 1 2 2
Penalty Kill - 3 Players Defense
Defense Defense Time % Phy DF OF
1 Cody Goloubef Michael Sdao 60 1 2 2
2 Ben Hutton Cade Fairchild 40 1 2 2
4 vs 4 Forward
Center Wing Time % Phy DF OF
1 Anton Lander Eric Tangradi 60 1 2 2
2 Maxime Macenauer Logan Shaw 40 1 2 2
4 vs 4 Defense
Defense Defense Time % Phy DF OF
1 Cody Goloubef Michael Sdao 60 1 2 2
2 Ben Hutton Cade Fairchild 40 1 2 2
Last Minutes Offensive
Center Left Wing Right Wing Defense Defense
Anton Lander Eric Tangradi Jonathan Ferland Cody Goloubef Michael Sdao
Last Minutes Defensive
Center Left Wing Right Wing Defense Defense
Anton Lander Eric Tangradi Jonathan Ferland Cody Goloubef Michael Sdao
Goaltenders
Starting : Calvin Pickard
Backup : Juuse Saros
Extra Forwards
Normal : Sven Baertschi, Sam Bennett, Joonas Donskoi - PP : Sven Baertschi, Sam Bennett - PK : Matt Beleskey
Extra Defensemen
Normal : Darren Dietz, Dalton Thrower, Robbie Russo - PP : Darren Dietz - PK : Dalton Thrower, Robbie Russo
Penalty Shots
Anton Lander, Jonathan Ferland, Matt Beleskey, Maxime Macenauer, Drayson Bowman
Scratches
Reid Boucher (Healthy), Nick Moutrey (Healthy), John Hayden (Healthy), Jonny Brodzinski (Healthy), Cristiano Digiacinto (Healthy)
Griffins
5 vs 5 Forward
Center Left Wing Right Wing Time % Phy DF OF
1 Marko Dano Tye McGinn Brandon Pirri 40 0 2 3
2 Dylan Larkin Anton Slepyshev Pavel Buchnevich 30 0 2 3
3 Nathan Gerbe Sonny Milano Danny Kristo 20 0 2 3
4 Rourke Chartier Brendan Woods Nicholas Baptiste 10 0 2 3
5 vs 5 Defense
Defense Defense Time % Phy DF OF
1 Simon Despres Marcus Pettersson 40 0 3 2
2 Gord Baldwin Petter Granberg 30 0 3 2
3 Mirco Mueller Phil Oreskovic 20 0 3 2
4 Mirco Mueller Phil Oreskovic 10 0 3 2
PowerPlay Forward
Center Left Wing Right Wing Time % Phy DF OF
1 Marko Dano Tye McGinn Pavel Buchnevich 60 0 1 4
2 Dylan Larkin Anton Slepyshev Brandon Pirri 40 0 1 4
PowerPlay Defense
Defense Defense Time % Phy DF OF
1 Gord Baldwin Marcus Pettersson 60 0 2 3
2 Simon Despres Petter Granberg 40 0 2 3
Penalty Kill 4 Players Forward
Center Wing Time % Phy DF OF
1 Tye McGinn Brendan Woods 60 0 4 1
2 Marko Dano Danny Kristo 40 0 4 1
Penalty Kill 4 Players Defense
Defense Defense Time % Phy DF OF
1 Gord Baldwin Phil Oreskovic 60 1 2 2
2 Simon Despres Mirco Mueller 40 1 2 2
Penalty Kill - 3 Players Forward
Forward Time % Phy DF OF
1 Brendan Woods 60 0 4 1
2 Danny Kristo 40 0 4 1
Penalty Kill - 3 Players Defense
Defense Defense Time % Phy DF OF
1 Gord Baldwin Phil Oreskovic 60 1 2 2
2 Simon Despres Mirco Mueller 40 1 2 2
4 vs 4 Forward
Center Wing Time % Phy DF OF
1 Marko Dano Tye McGinn 60 0 2 3
2 Dylan Larkin Pavel Buchnevich 40 0 2 3
4 vs 4 Defense
Defense Defense Time % Phy DF OF
1 Gord Baldwin Petter Granberg 60 0 3 2
2 Simon Despres Marcus Pettersson 40 0 3 2
Last Minutes Offensive
Center Left Wing Right Wing Defense Defense
Marko Dano Tye McGinn Pavel Buchnevich Simon Despres Marcus Pettersson
Last Minutes Defensive
Center Left Wing Right Wing Defense Defense
Marko Dano Brendan Woods Danny Kristo Gord Baldwin Phil Oreskovic
Goaltenders
Starting : Olivier Roy
Backup : Jean-Francois Berube
Extra Forwards
Normal : Marko Dano, Dylan Larkin, Danny Kristo - PP : Nathan Gerbe, Danny Kristo - PK : Brandon Pirri
Extra Defensemen
Normal : Marcus Pettersson, Gord Baldwin, Phil Oreskovic - PP : Phil Oreskovic - PK : Mirco Mueller, Petter Granberg
Penalty Shots
Dylan Larkin, Nathan Gerbe, Rourke Chartier, Danny Kristo, Marko Dano
Scratches
Vladislav Namestnikov (Healthy), Garrett Wilson (Healthy), Ben Hanowski (Healthy), Tanner Kero (Healthy), Greg McKegg (Healthy)
Konrad Abeltshauser (Healthy), Tomas Hyka (Healthy), Ian McCoshen (Healthy), Haydn Fleury (Broken Bone (Right Arm) Injury), Ryan Mantha (Healthy)
Jack Ramsey (Healthy), Marcus Hogberg (Healthy), Hayden Hawkey (Healthy)
% Time on Ice - Mulligans
Lines # - Real PCT - Wanted PCT - Time Play
Normal Forward
1 - 35% - 40% - 19:57
2 - 24% - 30% - 13:40
3 - 22% - 20% - 12:26
4 - 19% - 10% - 10:47
Normal Defense
1 - 38% - 40% - 21:33
2 - 30% - 30% - 17:19
3 - 24% - 20% - 13:22
4 - 8% - 10% - 4:36
PP Forward
1 - 57% - 60% - 1:48
2 - 43% - 40% - 1:22
PP Defense
1 - 72% - 60% - 2:16
2 - 28% - 40% - 0:54
PK Forward
1 - 0% - 60%
2 - 0% - 40%
PK Defense
1 - 0% - 60%
2 - 0% - 40%
PK3 Forward
1 - 0% - 60%
2 - 0% - 40%
PK3 Defense
1 - 0% - 60%
2 - 0% - 40%
44 Forward
1 - 0% - 60%
2 - 0% - 40%
44 Defense
1 - 0% - 60%
2 - 0% - 40%
Last Minute Offensive - 0:00
Last Minute Defensive - 0:00
Total
Forward - 60:00
Defense - 60:00
|
% Time on Ice - Griffins
Lines # - Real PCT - Wanted PCT - Time Play
Normal Forward
1 - 37% - 40% - 20:58
2 - 28% - 30% - 15:43
3 - 20% - 20% - 11:12
4 - 16% - 10% - 8:57
Normal Defense
1 - 40% - 40% - 23:01
2 - 31% - 30% - 17:27
3 - 20% - 20% - 11:21
4 - 9% - 10% - 5:01
PP Forward
1 - 0% - 60%
2 - 0% - 40%
PP Defense
1 - 0% - 60%
2 - 0% - 40%
PK Forward
1 - 87% - 60% - 2:45
2 - 13% - 40% - 0:25
PK Defense
1 - 64% - 60% - 2:01
2 - 36% - 40% - 1:09
PK3 Forward
1 - 0% - 60%
2 - 0% - 40%
PK3 Defense
1 - 0% - 60%
2 - 0% - 40%
44 Forward
1 - 0% - 60%
2 - 0% - 40%
44 Defense
1 - 0% - 60%
2 - 0% - 40%
Last Minute Offensive - 0:00
Last Minute Defensive - 0:00
Total
Forward - 60:00
Defense - 60:00
|
Play-by-Play
1st period
0:01 of 1st period - Marko Dano wins face-off versus Anton Lander in neutral zone.
0:04 of 1st period - Snap shot by Tye McGinn.
0:04 of 1st period - Shot Blocked by Eric Tangradi.
1:03 of 1st period - Cade Fairchild is hit by Simon Despres and loses puck.
1:20 of 1st period - Cade Fairchild is hit by Pavel Buchnevich and loses puck.
2:07 of 1st period - Wrist shot by Drayson Bowman.
2:07 of 1st period - Shot Blocked by Rourke Chartier.
2:17 of 1st period - Cody Goloubef is hit by Phil Oreskovic and loses puck.
2:41 of 1st period - Cody Goloubef is hit by Danny Kristo and loses puck.
3:00 of 1st period - Snap shot by Eric Tangradi.
3:00 of 1st period - Shot Hit the Post.
3:02 of 1st period - Wrist shot by Jonathan Ferland.
3:02 of 1st period - Shot Misses the Net.
3:18 of 1st period - Danny Kristo is hit by Ben Hutton and loses puck.
3:33 of 1st period - Snap shot by Brendan Woods.
3:33 of 1st period - Stopped by Calvin Pickard without a rebound.
3:34 of 1st period - Rourke Chartier wins face-off versus Maxime Macenauer in Mulligans zone.
3:49 of 1st period - Wrist shot by Brendan Woods.
3:49 of 1st period - Goal by Brendan Woods - Mulligans : 0 - Griffins : 1.
3:50 of 1st period - Anton Lander wins face-off versus Marko Dano in neutral zone.
4:01 of 1st period - Snap shot by Marko Dano.
4:01 of 1st period - Shot Blocked by Cody Goloubef.
4:03 of 1st period - Slapshot by Petter Granberg.
4:03 of 1st period - Shot Misses the Net.
4:05 of 1st period - Snap shot by Gord Baldwin.
4:05 of 1st period - Stopped by Calvin Pickard without a rebound.
4:06 of 1st period - Maxime Macenauer wins face-off versus Dylan Larkin in Mulligans zone.
4:15 of 1st period - Snap shot by Maxime Macenauer.
4:15 of 1st period - Stopped by Olivier Roy without a rebound.
4:16 of 1st period - Maxime Macenauer wins face-off versus Dylan Larkin in Griffins zone.
4:17 of 1st period - Backhand shot by Matt Beleskey.
4:17 of 1st period - Shot Blocked by Mirco Mueller.
4:23 of 1st period - Snap shot by Pavel Buchnevich.
4:23 of 1st period - Shot Blocked by Michael Sdao.
4:33 of 1st period - Snap shot by Pavel Buchnevich.
4:33 of 1st period - Stopped by Calvin Pickard without a rebound.
4:34 of 1st period - Marko Dano wins face-off versus Anton Lander in Mulligans zone.
4:37 of 1st period - Wrist shot by Tye McGinn.
4:37 of 1st period - Stopped by Calvin Pickard without a rebound.
4:38 of 1st period - Anton Lander wins face-off versus Marko Dano in Mulligans zone.
5:04 of 1st period - Snap shot by Jonathan Ferland.
5:04 of 1st period - Shot Blocked by Dylan Larkin.
5:12 of 1st period - Ben Hutton is hit by Gord Baldwin and loses puck.
5:52 of 1st period - Phil Oreskovic is hit by Valeri Nichushkin and loses puck.
6:25 of 1st period - Phil Oreskovic is hit by Dalton Thrower.
6:37 of 1st period - Wrist shot by Logan Shaw.
6:37 of 1st period - Stopped by Olivier Roy without a rebound.
6:38 of 1st period - Dylan Larkin wins face-off versus Anton Lander in Griffins zone.
6:47 of 1st period - Off-side.
6:48 of 1st period - Eric Tangradi wins face-off versus Dylan Larkin in neutral zone.
6:55 of 1st period - Snap shot by Anton Lander.
6:55 of 1st period - Shot Blocked by Simon Despres.
6:57 of 1st period - Slapshot by Anton Lander.
6:57 of 1st period - Stopped by Olivier Roy with a rebound.
6:59 of 1st period - Snap shot by Jonathan Ferland.
6:59 of 1st period - Shot Hit the Post.
7:01 of 1st period - Snap shot by Darren Dietz.
7:01 of 1st period - Shot Misses the Net.
7:03 of 1st period - Wrist shot by Jonathan Ferland.
7:03 of 1st period - Shot Misses the Net.
7:05 of 1st period - Snap shot by Jonathan Ferland.
7:05 of 1st period - Stopped by Olivier Roy without a rebound.
7:06 of 1st period - Marko Dano wins face-off versus Sam Bennett in Griffins zone.
7:43 of 1st period - Wrist shot by Jonathan Ferland.
7:43 of 1st period - Deflect By Eric Tangradi.
7:43 of 1st period - Shot Misses the Net.
7:43 of 1st period - Puck is out of play.
7:44 of 1st period - Maxime Macenauer wins face-off versus Brandon Pirri in Griffins zone.
7:47 of 1st period - Wrist shot by Logan Shaw.
7:47 of 1st period - Shot Misses the Net.
7:59 of 1st period - Snap shot by Matt Beleskey.
7:59 of 1st period - Shot Misses the Net.
8:11 of 1st period - Anton Lander is hit by Simon Despres.
8:17 of 1st period - Slapshot by Jonathan Ferland.
8:17 of 1st period - Stopped by Olivier Roy with a rebound.
8:19 of 1st period - Slapshot by Darren Dietz.
8:19 of 1st period - Shot Misses the Net.
8:55 of 1st period - Brendan Woods is hit by Valeri Nichushkin and loses puck.
9:37 of 1st period - Phil Oreskovic is hit by Eric Tangradi and loses puck.
10:38 of 1st period - Slapshot by Tye McGinn.
10:38 of 1st period - Stopped by Calvin Pickard without a rebound.
10:39 of 1st period - Dylan Larkin wins face-off versus Anton Lander in Mulligans zone.
11:04 of 1st period - Maxime Macenauer is hit by Tye McGinn and loses puck.
11:09 of 1st period - Snap shot by Marko Dano.
11:09 of 1st period - Stopped by Calvin Pickard with a rebound.
12:12 of 1st period - Snap shot by Eric Tangradi.
12:12 of 1st period - Stopped by Olivier Roy without a rebound.
12:13 of 1st period - Anton Lander wins face-off versus Marko Dano in Griffins zone.
12:49 of 1st period - Snap shot by Eric Tangradi.
12:49 of 1st period - Shot Blocked by Marcus Pettersson.
12:51 of 1st period - Snap shot by Anton Lander.
12:51 of 1st period - Stopped by Olivier Roy with a rebound.
13:03 of 1st period - Slapshot by Dylan Larkin.
13:03 of 1st period - Shot Blocked by Cade Fairchild.
13:11 of 1st period - Slapshot by Eric Tangradi.
13:11 of 1st period - Shot Misses the Net.
13:19 of 1st period - Wrist shot by Anton Lander.
13:19 of 1st period - Stopped by Olivier Roy with a rebound.
13:39 of 1st period - Wrist shot by Pavel Buchnevich.
13:39 of 1st period - Stopped by Calvin Pickard with a rebound.
13:51 of 1st period - Wrist shot by Eric Tangradi.
13:51 of 1st period - Shot Misses the Net.
13:53 of 1st period - Snap shot by Eric Tangradi.
13:53 of 1st period - Shot Blocked by Simon Despres.
13:55 of 1st period - Wrist shot by Jonathan Ferland.
13:55 of 1st period - Stopped by Olivier Roy without a rebound.
13:56 of 1st period - Marko Dano wins face-off versus Maxime Macenauer in Griffins zone.
14:07 of 1st period - Marko Dano is hit by Matt Beleskey and loses puck.
14:22 of 1st period - Sven Baertschi is hit by Petter Granberg and loses puck.
14:39 of 1st period - Joonas Donskoi is hit by Petter Granberg and loses puck.
14:40 of 1st period - Joonas Donskoi from Mulligans is injured at 14:40 of 1st period (Sports Hernia).
14:41 of 1st period - Marko Dano wins face-off versus Maxime Macenauer in Mulligans zone.
14:48 of 1st period - Wrist shot by Marko Dano.
14:48 of 1st period - Shot Misses the Net.
14:50 of 1st period - Snap shot by Marko Dano.
14:50 of 1st period - Stopped by Calvin Pickard with a rebound.
14:52 of 1st period - Wrist shot by Brandon Pirri.
14:52 of 1st period - Deflect By Marko Dano.
14:52 of 1st period - Goal by Marko Dano - Mulligans : 0 - Griffins : 2.
14:53 of 1st period - Marko Dano wins face-off versus Maxime Macenauer in neutral zone.
15:54 of 1st period - Minor Penalty to Mirco Mueller for Elbowing.
15:55 of 1st period - Tye McGinn wins face-off versus Anton Lander in Griffins zone.
16:28 of 1st period - Slapshot by Logan Shaw.
16:28 of 1st period - Stopped by Olivier Roy with a rebound.
16:30 of 1st period - Slapshot by Cody Goloubef.
16:30 of 1st period - Goal by Cody Goloubef - Mulligans : 1 - Griffins : 2.
16:31 of 1st period - Danny Kristo wins face-off versus Maxime Macenauer in neutral zone.
16:40 of 1st period - Simon Despres is hit by Logan Shaw and loses puck.
16:47 of 1st period - Wrist shot by Maxime Macenauer.
16:47 of 1st period - Shot Blocked by Simon Despres.
17:41 of 1st period - Slapshot by Phil Oreskovic.
17:41 of 1st period - Shot Blocked by Darren Dietz.
17:45 of 1st period - Wrist shot by Brendan Woods.
17:45 of 1st period - Stopped by Calvin Pickard without a rebound.
17:46 of 1st period - Anton Lander wins face-off versus Marko Dano in Mulligans zone.
18:15 of 1st period - Wrist shot by Pavel Buchnevich.
18:15 of 1st period - Stopped by Calvin Pickard without a rebound.
18:16 of 1st period - Maxime Macenauer wins face-off versus Dylan Larkin in Mulligans zone.
18:25 of 1st period - Snap shot by Matt Beleskey.
18:25 of 1st period - Shot Misses the Net.
18:27 of 1st period - Slapshot by Dalton Thrower.
18:27 of 1st period - Stopped by Olivier Roy with a rebound.
18:29 of 1st period - Slapshot by Matt Beleskey.
18:29 of 1st period - Shot Misses the Net.
18:31 of 1st period - Wrist shot by Maxime Macenauer.
18:31 of 1st period - Stopped by Olivier Roy with a rebound.
18:50 of 1st period - Wrist shot by Eric Tangradi.
18:50 of 1st period - Deflect By Jonathan Ferland.
18:50 of 1st period - Shot Blocked by Simon Despres.
18:50 of 1st period - Puck is out of play.
18:51 of 1st period - Maxime Macenauer wins face-off versus Brandon Pirri in Griffins zone.
19:54 of 1st period - Slapshot by Brendan Woods.
19:54 of 1st period - Goal by Brendan Woods - Mulligans : 1 - Griffins : 3.
19:55 of 1st period - Logan Shaw wins face-off versus Marko Dano in neutral zone.
Goals for this period are 1 for Mulligans vs 3 for Griffins.
Shots for this period are 13 for Mulligans vs 13 for Griffins.
2nd period
0:01 of 2nd period - Marko Dano wins face-off versus Anton Lander in neutral zone.
0:28 of 2nd period - Logan Shaw is hit by Danny Kristo.
0:34 of 2nd period - Wrist shot by Danny Kristo.
0:34 of 2nd period - Stopped by Calvin Pickard with a rebound.
0:52 of 2nd period - Slapshot by Pavel Buchnevich.
0:52 of 2nd period - Deflect By Cody Goloubef.
0:52 of 2nd period - Shot Blocked by Logan Shaw.
0:52 of 2nd period - Puck is out of play.
0:53 of 2nd period - Marko Dano wins face-off versus Sam Bennett in Mulligans zone.
0:54 of 2nd period - Snap shot by Tye McGinn.
0:54 of 2nd period - Shot Blocked by Cade Fairchild.
0:56 of 2nd period - Backhand shot by Brandon Pirri.
0:56 of 2nd period - Stopped by Calvin Pickard without a rebound.
0:57 of 2nd period - Anton Lander wins face-off versus Marko Dano in Mulligans zone.
1:30 of 2nd period - Snap shot by Dylan Larkin.
1:30 of 2nd period - Shot Misses the Net.
1:32 of 2nd period - Slapshot by Pavel Buchnevich.
1:32 of 2nd period - Shot Misses the Net.
1:39 of 2nd period - Icing by Ben Hutton.
1:40 of 2nd period - Maxime Macenauer wins face-off versus Nathan Gerbe in Mulligans zone.
2:29 of 2nd period - Backhand shot by Dylan Larkin.
2:29 of 2nd period - Stopped by Calvin Pickard with a rebound.
2:35 of 2nd period - Backhand shot by Cody Goloubef.
2:35 of 2nd period - Stopped by Olivier Roy with a rebound.
2:51 of 2nd period - Wrist shot by Brendan Woods.
2:51 of 2nd period - Stopped by Calvin Pickard with a rebound.
2:53 of 2nd period - Snap shot by Gord Baldwin.
2:53 of 2nd period - Stopped by Calvin Pickard without a rebound.
2:54 of 2nd period - Anton Lander wins face-off versus Marko Dano in Mulligans zone.
3:31 of 2nd period - Wrist shot by Pavel Buchnevich.
3:31 of 2nd period - Stopped by Calvin Pickard without a rebound.
3:32 of 2nd period - Anton Lander wins face-off versus Danny Kristo in Mulligans zone.
3:39 of 2nd period - Backhand shot by Jonathan Ferland.
3:39 of 2nd period - Stopped by Olivier Roy without a rebound.
3:40 of 2nd period - Anton Lander wins face-off versus Nathan Gerbe in Griffins zone.
4:05 of 2nd period - Michael Sdao is hit by Tye McGinn and loses puck.
5:07 of 2nd period - Slapshot by Anton Lander.
5:07 of 2nd period - Shot Misses the Net.
5:37 of 2nd period - Drayson Bowman is hit by Petter Granberg and loses puck.
5:44 of 2nd period - Snap shot by Dylan Larkin.
5:44 of 2nd period - Goal by Dylan Larkin - Mulligans : 1 - Griffins : 4.
5:45 of 2nd period - Marko Dano wins face-off versus Maxime Macenauer in neutral zone.
5:56 of 2nd period - Snap shot by Tye McGinn.
5:56 of 2nd period - Goal by Tye McGinn - Mulligans : 1 - Griffins : 5.
5:56 of 2nd period - Juuse Saros enters game.
5:57 of 2nd period - Marko Dano wins face-off versus Maxime Macenauer in neutral zone.
6:34 of 2nd period - Off-side.
6:35 of 2nd period - Tye McGinn wins face-off versus Sam Bennett in neutral zone.
6:40 of 2nd period - Wrist shot by Marko Dano.
6:40 of 2nd period - Deflect By Cody Goloubef.
6:40 of 2nd period - Shot Misses the Net.
6:40 of 2nd period - Puck is out of play.
6:41 of 2nd period - Marko Dano wins face-off versus Sam Bennett in Mulligans zone.
6:46 of 2nd period - Snap shot by Tye McGinn.
6:46 of 2nd period - Stopped by Juuse Saros with a rebound.
6:48 of 2nd period - Snap shot by Marko Dano.
6:48 of 2nd period - Deflect By Brandon Pirri.
6:48 of 2nd period - Stopped by Juuse Saros without a rebound.
6:49 of 2nd period - Anton Lander wins face-off versus Tye McGinn in Mulligans zone.
6:57 of 2nd period - Icing by Michael Sdao.
6:58 of 2nd period - Anton Lander wins face-off versus Tye McGinn in Mulligans zone.
7:37 of 2nd period - Wrist shot by Eric Tangradi.
7:37 of 2nd period - Stopped by Olivier Roy with a rebound.
8:03 of 2nd period - Slapshot by Simon Despres.
8:03 of 2nd period - Shot Misses the Net.
8:05 of 2nd period - Slapshot by Marko Dano.
8:05 of 2nd period - Shot Misses the Net.
8:27 of 2nd period - Wrist shot by Eric Tangradi.
8:27 of 2nd period - Shot Blocked by Marcus Pettersson.
8:30 of 2nd period - Icing by Simon Despres.
8:31 of 2nd period - Marko Dano wins face-off versus Maxime Macenauer in Griffins zone.
8:48 of 2nd period - Wrist shot by Marko Dano.
8:48 of 2nd period - Stopped by Juuse Saros without a rebound.
8:49 of 2nd period - Dylan Larkin wins face-off versus Sven Baertschi in Mulligans zone.
8:50 of 2nd period - Slapshot by Pavel Buchnevich.
8:50 of 2nd period - Shot Blocked by Darren Dietz.
9:23 of 2nd period - Wrist shot by Nathan Gerbe.
9:23 of 2nd period - Stopped by Juuse Saros with a rebound.
9:39 of 2nd period - Snap shot by Matt Beleskey.
9:39 of 2nd period - Shot Blocked by Phil Oreskovic.
9:41 of 2nd period - Slapshot by Darren Dietz.
9:41 of 2nd period - Stopped by Olivier Roy without a rebound.
9:42 of 2nd period - Sam Bennett wins face-off versus Dylan Larkin in Griffins zone.
10:07 of 2nd period - Sven Baertschi is hit by Mirco Mueller and loses puck.
10:56 of 2nd period - Snap shot by Pavel Buchnevich.
10:56 of 2nd period - Shot Blocked by Eric Tangradi.
10:58 of 2nd period - Snap shot by Petter Granberg.
10:58 of 2nd period - Shot Misses the Net.
12:25 of 2nd period - Nicholas Baptiste is hit by Matt Beleskey and loses puck.
13:02 of 2nd period - Brandon Pirri is hit by Eric Tangradi and loses puck.
13:18 of 2nd period - Cody Goloubef is hit by Pavel Buchnevich and loses puck.
13:35 of 2nd period - Snap shot by Danny Kristo.
13:35 of 2nd period - Stopped by Juuse Saros without a rebound.
13:36 of 2nd period - Nathan Gerbe wins face-off versus Anton Lander in Mulligans zone.
14:57 of 2nd period - Wrist shot by Danny Kristo.
14:57 of 2nd period - Stopped by Juuse Saros with a rebound.
14:59 of 2nd period - Snap shot by Nathan Gerbe.
14:59 of 2nd period - Deflect By Sonny Milano.
14:59 of 2nd period - Stopped by Juuse Saros with a rebound.
15:01 of 2nd period - Slapshot by Nathan Gerbe.
15:01 of 2nd period - Shot Blocked by Michael Sdao.
15:11 of 2nd period - Tye McGinn is hit by Sam Bennett and loses puck.
15:58 of 2nd period - Slapshot by Ben Hutton.
15:58 of 2nd period - Shot Misses the Net.
16:14 of 2nd period - Slapshot by Dylan Larkin.
16:14 of 2nd period - Goal by Dylan Larkin - Mulligans : 1 - Griffins : 6.
16:15 of 2nd period - Sam Bennett wins face-off versus Marko Dano in neutral zone.
16:29 of 2nd period - Wrist shot by Cody Goloubef.
16:29 of 2nd period - Shot Misses the Net.
16:55 of 2nd period - Icing by Mirco Mueller.
16:56 of 2nd period - Dylan Larkin wins face-off versus Anton Lander in Griffins zone.
16:56 of 2nd period - Dylan Larkin is hit by Eric Tangradi.
17:34 of 2nd period - Minor Penalty to Mirco Mueller for Cross-checking.
17:35 of 2nd period - Tye McGinn wins face-off versus Anton Lander in Griffins zone.
18:07 of 2nd period - Snap shot by Cody Goloubef.
18:07 of 2nd period - Stopped by Olivier Roy with a rebound.
18:09 of 2nd period - Backhand shot by Logan Shaw.
18:09 of 2nd period - Deflect By Sven Baertschi.
18:09 of 2nd period - Goal by Sven Baertschi - Mulligans : 2 - Griffins : 6.
18:10 of 2nd period - Maxime Macenauer wins face-off versus Dylan Larkin in neutral zone.
18:12 of 2nd period - Off-side.
18:13 of 2nd period - Maxime Macenauer wins face-off versus Dylan Larkin in neutral zone.
18:50 of 2nd period - Wrist shot by Tye McGinn.
18:50 of 2nd period - Stopped by Juuse Saros without a rebound.
18:51 of 2nd period - Nathan Gerbe wins face-off versus Anton Lander in Mulligans zone.
19:18 of 2nd period - Cade Fairchild is hit by Gord Baldwin and loses puck.
19:42 of 2nd period - Wrist shot by Brendan Woods.
19:42 of 2nd period - Shot Blocked by Sven Baertschi.
19:44 of 2nd period - Snap shot by Brendan Woods.
19:44 of 2nd period - Stopped by Juuse Saros without a rebound.
19:45 of 2nd period - Sam Bennett wins face-off versus Rourke Chartier in Mulligans zone.
19:56 of 2nd period - Logan Shaw is hit by Rourke Chartier and loses puck.
Goals for this period are 1 for Mulligans vs 3 for Griffins.
Shots for this period are 6 for Mulligans vs 18 for Griffins.
3rd period
0:01 of 3rd period - Marko Dano wins face-off versus Maxime Macenauer in neutral zone.
0:03 of 3rd period - Off-side.
0:04 of 3rd period - Maxime Macenauer wins face-off versus Marko Dano in neutral zone.
0:14 of 3rd period - Snap shot by Marko Dano.
0:14 of 3rd period - Stopped by Juuse Saros without a rebound.
0:15 of 3rd period - Marko Dano wins face-off versus Anton Lander in Mulligans zone.
0:18 of 3rd period - Slapshot by Marko Dano.
0:18 of 3rd period - Stopped by Juuse Saros with a rebound.
0:20 of 3rd period - Slapshot by Simon Despres.
0:20 of 3rd period - Stopped by Juuse Saros without a rebound.
0:21 of 3rd period - Marko Dano wins face-off versus Anton Lander in Mulligans zone.
3:06 of 3rd period - Minor Penalty to Brandon Pirri for Holding Stick.
3:07 of 3rd period - Tye McGinn wins face-off versus Anton Lander in Griffins zone.
3:57 of 3rd period - Brendan Woods is hit by Ben Hutton and loses puck.
5:06 of 3rd period - Penalty to Brandon Pirri is over, Brandon Pirri is back on ice.
5:13 of 3rd period - Brandon Pirri is hit by Robby Fabbri and loses puck.
5:20 of 3rd period - Darren Dietz is hit by Anton Slepyshev and loses puck.
5:37 of 3rd period - Snap shot by Drayson Bowman.
5:37 of 3rd period - Shot Misses the Net.
5:49 of 3rd period - Backhand shot by Petter Granberg.
5:49 of 3rd period - Stopped by Juuse Saros with a rebound.
6:01 of 3rd period - Slapshot by Dalton Thrower.
6:01 of 3rd period - Stopped by Olivier Roy without a rebound.
6:02 of 3rd period - Rourke Chartier wins face-off versus Anton Lander in Griffins zone.
6:15 of 3rd period - Slapshot by Anton Lander.
6:15 of 3rd period - Stopped by Olivier Roy without a rebound.
6:16 of 3rd period - Maxime Macenauer wins face-off versus Rourke Chartier in Griffins zone.
6:25 of 3rd period - Slapshot by Maxime Macenauer.
6:25 of 3rd period - Shot Blocked by Nicholas Baptiste.
6:27 of 3rd period - Snap shot by Matt Beleskey.
6:27 of 3rd period - Stopped by Olivier Roy without a rebound.
6:28 of 3rd period - Marko Dano wins face-off versus Anton Lander in Griffins zone.
7:12 of 3rd period - Ben Hutton is hit by Sonny Milano and loses puck.
7:25 of 3rd period - Slapshot by Ben Hutton.
7:25 of 3rd period - Shot Misses the Net.
7:39 of 3rd period - Snap shot by Cade Fairchild.
7:39 of 3rd period - Deflect By Tye McGinn.
7:39 of 3rd period - Stopped by Olivier Roy with a rebound.
8:13 of 3rd period - Gord Baldwin is hit by Valeri Nichushkin and loses puck.
8:42 of 3rd period - Darren Dietz is hit by Danny Kristo and loses puck.
8:55 of 3rd period - Mirco Mueller is hit by Sven Baertschi and loses puck.
9:32 of 3rd period - Wrist shot by Jonathan Ferland.
9:32 of 3rd period - Shot Blocked by Marcus Pettersson.
9:42 of 3rd period - Marcus Pettersson is hit by Logan Shaw and loses puck.
10:11 of 3rd period - Wrist shot by Marko Dano.
10:11 of 3rd period - Shot Blocked by Cody Goloubef.
11:00 of 3rd period - Cade Fairchild is hit by Brandon Pirri and loses puck.
11:07 of 3rd period - Eric Tangradi is hit by Tye McGinn and loses puck.
11:35 of 3rd period - Snap shot by Anton Lander.
11:35 of 3rd period - Stopped by Olivier Roy with a rebound.
11:37 of 3rd period - Snap shot by Jonathan Ferland.
11:37 of 3rd period - Deflect By Eric Tangradi.
11:37 of 3rd period - Stopped by Olivier Roy without a rebound.
11:38 of 3rd period - Marko Dano wins face-off versus Maxime Macenauer in Griffins zone.
11:53 of 3rd period - Snap shot by Logan Shaw.
11:53 of 3rd period - Deflect By Maxime Macenauer.
11:53 of 3rd period - Shot Misses the Net.
11:53 of 3rd period - Puck is out of play.
11:54 of 3rd period - Dylan Larkin wins face-off versus Sam Bennett in Griffins zone.
11:59 of 3rd period - Snap shot by Phil Oreskovic.
11:59 of 3rd period - Shot Misses the Net.
12:07 of 3rd period - Wrist shot by Sven Baertschi.
12:07 of 3rd period - Deflect By Sam Bennett.
12:07 of 3rd period - Shot Blocked by Mirco Mueller.
12:07 of 3rd period - Puck is out of play.
12:08 of 3rd period - Maxime Macenauer wins face-off versus Marko Dano in Griffins zone.
12:09 of 3rd period - Wrist shot by Matt Beleskey.
12:09 of 3rd period - Shot Blocked by Mirco Mueller.
12:33 of 3rd period - Dylan Larkin is hit by Cody Goloubef.
13:07 of 3rd period - Snap shot by Nicholas Baptiste.
13:07 of 3rd period - Shot Misses the Net.
13:09 of 3rd period - Slapshot by Mirco Mueller.
13:09 of 3rd period - Shot Blocked by Dalton Thrower.
13:11 of 3rd period - Slapshot by Mirco Mueller.
13:11 of 3rd period - Stopped by Juuse Saros without a rebound.
13:12 of 3rd period - Marko Dano wins face-off versus Anton Lander in Mulligans zone.
13:37 of 3rd period - Pavel Buchnevich is hit by Logan Shaw.
14:41 of 3rd period - Wrist shot by Dylan Larkin.
14:41 of 3rd period - Stopped by Juuse Saros with a rebound.
15:57 of 3rd period - Snap shot by Marko Dano.
15:57 of 3rd period - Stopped by Juuse Saros with a rebound.
16:15 of 3rd period - Snap shot by Nathan Gerbe.
16:15 of 3rd period - Shot Misses the Net.
16:47 of 3rd period - Wrist shot by Dylan Larkin.
16:47 of 3rd period - Deflect By Pavel Buchnevich.
16:47 of 3rd period - Shot Misses the Net.
16:47 of 3rd period - Puck is out of play.
16:48 of 3rd period - Marko Dano wins face-off versus Sam Bennett in Mulligans zone.
17:22 of 3rd period - Snap shot by Dylan Larkin.
17:22 of 3rd period - Deflect By Jonathan Ferland.
17:22 of 3rd period - Stopped by Juuse Saros with a rebound.
17:24 of 3rd period - Slapshot by Marcus Pettersson.
17:24 of 3rd period - Deflect By Dylan Larkin.
17:24 of 3rd period - Shot Blocked by Cody Goloubef.
17:24 of 3rd period - Puck is out of play.
17:25 of 3rd period - Sam Bennett wins face-off versus Nathan Gerbe in Mulligans zone.
17:30 of 3rd period - Slapshot by Sven Baertschi.
17:30 of 3rd period - Stopped by Olivier Roy without a rebound.
17:31 of 3rd period - Sam Bennett wins face-off versus Nathan Gerbe in Griffins zone.
17:32 of 3rd period - Snap shot by Sven Baertschi.
17:32 of 3rd period - Shot Misses the Net.
18:12 of 3rd period - Icing by Darren Dietz.
18:13 of 3rd period - Dylan Larkin wins face-off versus Robby Fabbri in Mulligans zone.
18:26 of 3rd period - Wrist shot by Dylan Larkin.
18:26 of 3rd period - Shot Misses the Net.
18:28 of 3rd period - Wrist shot by Anton Slepyshev.
18:28 of 3rd period - Stopped by Juuse Saros without a rebound.
18:29 of 3rd period - Maxime Macenauer wins face-off versus Marko Dano in Mulligans zone.
18:40 of 3rd period - Snap shot by Logan Shaw.
18:40 of 3rd period - Stopped by Olivier Roy without a rebound.
18:41 of 3rd period - Marko Dano wins face-off versus Matt Beleskey in Griffins zone.
18:48 of 3rd period - Wrist shot by Marko Dano.
18:48 of 3rd period - Stopped by Juuse Saros with a rebound.
19:06 of 3rd period - Cody Goloubef is hit by Anton Slepyshev and loses puck.
19:13 of 3rd period - Snap shot by Pavel Buchnevich.
19:13 of 3rd period - Goal by Pavel Buchnevich - Mulligans : 2 - Griffins : 7.
19:14 of 3rd period - Maxime Macenauer wins face-off versus Marko Dano in neutral zone.
19:23 of 3rd period - Snap shot by Maxime Macenauer.
19:23 of 3rd period - Stopped by Olivier Roy without a rebound.
19:24 of 3rd period - Maxime Macenauer wins face-off versus Tye McGinn in Griffins zone.
19:43 of 3rd period - Wrist shot by Logan Shaw.
19:43 of 3rd period - Stopped by Olivier Roy with a rebound.
19:47 of 3rd period - Wrist shot by Logan Shaw.
19:47 of 3rd period - Stopped by Olivier Roy with a rebound.
19:49 of 3rd period - Slapshot by Michael Sdao.
19:49 of 3rd period - Shot Blocked by Gord Baldwin.
19:51 of 3rd period - Slapshot by Cody Goloubef.
19:51 of 3rd period - Stopped by Olivier Roy without a rebound.
19:52 of 3rd period - Anton Lander wins face-off versus Dylan Larkin in Griffins zone.
19:57 of 3rd period - Slapshot by Eric Tangradi.
19:57 of 3rd period - Goal by Eric Tangradi - Mulligans : 3 - Griffins : 7.
19:58 of 3rd period - Maxime Macenauer wins face-off versus Marko Dano in neutral zone.
Goals for this period are 1 for Mulligans vs 1 for Griffins.
Shots for this period are 13 for Mulligans vs 11 for Griffins.
Back to the Top